 Dungeon Crawl Stone Soup version 0.23.0-3-gf3c87f2 (webtiles) character file.

Game seed: 9976593015511415953

1109 Borgoz the Cutter (level 8, -7/64 (66) HPs)
             Began as a Ghoul Gladiator on Feb 23, 2019.
             Shot with an arrow by a centaur (8 damage)
             ... on level 6 of the Dungeon.
             The game lasted 00:12:01 (5183 turns).

Borgoz the Cutter (Ghoul Gladiator)                 Turns: 5183, Time: 00:12:02

HP:   -7/64 (66)    AC:  7    Str: 18    XL:     8   Next: 33%
MP:   7/7           EV: 13    Int:  5    God:
Gold: 285           SH:  0    Dex: 10    Spells: 7/7 levels left

rFire    . . .     SeeInvis .   a - +0 rapier
rCold    + . .     Gourm    .   (no shield)
rNeg     + + +     Faith    .   b - +0 leather armour
rPois    ∞         Spirit   .   c - +0 helmet
rElec    .         Reflect  .   i - +0 cloak
rCorr    +         Harm     .   (no gloves)
MR       +....                  m - +1 pair of boots
Stlth    ++........             u - amulet of rage
HPRegen  0.00/turn              y - ring of resist corrosion
MPRegen  0.10/turn              t - ring of protection from magic

@: rotting
A: rotting body, claws 1, carnivore, cold resistance 1, negative energy
resistance 3, inhibited regeneration, torment resistance, unbreathing
a: no special abilities


You were on level 6 of the Dungeon.
You were not hungry.

You visited 1 branch of the dungeon, and saw 7 of its levels.

You collected 285 gold pieces.

Inventory:

Hand Weapons
 a - a +0 rapier (weapon)
Armour
 b - a +0 leather armour (worn)
 c - a +0 helmet (worn)
 i - a +0 cloak (worn)
 m - a +1 pair of boots (worn)
Jewellery
 d - a +2 ring of intelligence
 t - a ring of protection from magic (right claw)
 u - an amulet of rage (around neck)
 y - a ring of resist corrosion (left claw)
Scrolls
 g - 2 scrolls of magic mapping {unknown}
 k - 2 scrolls of enchant armour
 o - 6 scrolls of remove curse
 v - a scroll of identify
 x - a scroll of immolation
Potions
 e - 2 potions of curing
 h - a potion of lignification
 n - a potion of haste
 r - a potion of berserk rage
Comestibles
 f - 9 rations


   Skills:
 + Level 4.3 Fighting
 * Level 5.2 Short Blades
 - Level 3.0 Throwing
 + Level 2.8 Armour
 * Level 5.2 Dodging
 + Level 3.8 Stealth


You had 7 spell levels left.
You didn't know any spells.
Your spell library was empty.

Dungeon Overview and Level Annotations

Branches:
Dungeon (7/15)
 Temple: D:4-7

Altars:
Fedhas
Hepliaklqana
Okawaru
Qazlal
Sif Muna

Annotations:
D:5 Edmund
D:6 Menkaure


Innate Abilities, Weirdness & Mutations

Your body is rotting away.
You thrive on raw meat.
You are immune to poison.
You have sharp fingernails.
You are carnivorous and can eat meat at any time.
Your flesh is cold resistant. (rC+)
You are immune to negative energy. (rN+++)
You do not regenerate when monsters are visible.
You are immune to unholy pain and torment.
You can survive without breathing.


Message History

* * * LOW HITPOINT WARNING * * *
As you read the scroll labeled VUILON SIANE, it crumbles to dust.
It is a scroll of amnesia.
You feel forgetful for a moment. The jackal closely misses you.
The hound closely misses you.
The black bear bites you but does no damage.
The black bear claws you.
* * * LOW HITPOINT WARNING * * *
The black bear closely misses you. The jackal barely misses you.
As you read the scroll labeled ZEAPHIACEKK, it crumbles to dust.
Your +0 rapier glows dull pink for a moment.
It was a scroll of random uselessness.
The hound barely misses you.
The centaur shoots an arrow.
The arrow barely misses you. The jackal misses you. The hound bites you.
* * * LOW HITPOINT WARNING * * *
The black bear closely misses you. The black bear misses you.
The black bear claws you.
* * * LOW HITPOINT WARNING * * *
The centaur shoots an arrow.
The arrow hits you!
You die...

#.#
#..###.#.#.........#
..#
#...........######.#
#..# #..###.#.#.####
#.# #..#
#..#.....#....# #.#
... #..#.#.###..#.#
#.# #....#.# ...#.#
#.#
#..###.###.##.####.#
#......hhh......<#.#
g........@#.##......#
.... ..c....####
######## #...# ...
#... . #..#..# #.
#..#..#... #..#..#..#
#..##.#..# ###
...##.#..# ...


You could see a black bear, a centaur, a hound and a jackal.

Vanquished Creatures
  2 phantoms
  A black bear (D:6)
  An ogre (D:3)
  4 scorpions
  3 howler monkeys
  2 crimson imps (D:5)
  A bullfrog zombie (D:6)
  3 hounds
  A jelly (D:7)
  A centaur skeleton (D:4)
  Ijyb (D:4)
  2 worker ants
  A worker ant zombie (D:5)
  2 gnolls (D:7)
  3 adders
  2 adder skeletons
  A dart slug (D:3)
  A leopard gecko (D:5)
  3 orcs
  3 bats
  9 giant cockroaches
  5 goblins
  3 hobgoblins
  12 jackals
  4 kobolds
  A quokka (D:4)
  2 ball pythons
  4 frilled lizards
  A jackal skeleton (D:4)
  9 rats
88 creatures vanquished.

Notes
Turn   | Place    | Note
-------+----------+-------------------------------------------
     0 | D:1      | Borgoz the Ghoul Gladiator began the quest for the Orb.
     0 | D:1      | Reached XP level 1. HP: 17/17 MP: 0/0
    78 | D:1      | Reached XP level 2. HP: 24/24 MP: 1/1
   327 | D:1      | Reached XP level 3. HP: 26/30 MP: 2/2
   581 | D:2      | Reached skill level 1 in Stealth
   773 | D:2      | Found a blossoming altar of Fedhas.
   849 | D:2      | Found a deep blue altar of Sif Muna.
  1312 | D:3      | Reached XP level 4. HP: 36/37 MP: 3/3
  1420 | D:3      | Noticed a phantom
  1467 | D:3      | Killed a phantom
  1467 | D:3      | Reached skill level 1 in Armour
  1467 | D:3      | Reached XP level 5. HP: 31/43 MP: 4/4
  1628 | D:3      | Found a hazy altar of Hepliaklqana.
  1628 | D:3      | Found an iron altar of Okawaru.
  2109 | D:4      | Noticed an ogre
  2128 | D:3      | Killed an ogre
  2128 | D:3      | Reached XP level 6. HP: 48/48 MP: 5/5
  2630 | D:4      | Reached XP level 7. HP: 39/57 MP: 6/6
  2939 | D:4      | Noticed Ijyb
  2954 | D:4      | Paralysed by Ijyb for 7 turns
  2989 | D:4      | Killed Ijyb
  3087 | D:5      | Entered Level 5 of the Dungeon
  3586 | D:5      | Found a stormy altar of Qazlal.
  3675 | D:5      | Noticed Edmund
  4333 | D:6      | Noticed a yak
  4647 | D:6      | Noticed Menkaure
  4824 | D:6      | Reached XP level 8. HP: 66/66 MP: 7/7
  4913 | D:7      | Reached skill level 5 in Short Blades
  4913 | D:7      | Reached skill level 5 in Dodging
  5182 | D:6      | HP: 3/64 [black bear (5)]
  5183 | D:6      | HP: 1/64 [black bear (1)]
  5183 | D:6      | Shot with an arrow by a centaur

Skill      XL: |  1  2  3  4  5  6  7  8 |
---------------+-------------------------+-----
Dodging        | 3 4 5 |  5.2
Short Blades   | 3 4 5 |  5.2
Stealth        | 1 2 3 |  3.8
Throwing       | 2 3 |  3.0
Armour         | 1 2 |  2.8
Fighting       | 3 4 |  4.3

Action                   |  1- 3 |  4- 6 |  7- 9 || total
-------------------------+-------+-------+-------++-------
Melee: Rapier            |   110 |   139 |   341 ||   590
Throw: Throwing net      |       |     2 |     5 ||     7
  Use: Potion            |       |       |     9 ||     9
       Scroll            |       |       |     9 ||     9
 Stab: Sleeping          |     1 |     2 |     2 ||     5
       Held in net/web   |       |     1 |       ||     1
  Eat: Chunk             |     4 |    11 |    13 ||    28
Armor: Leather armour    |    40 |    39 |   112 ||   191
Dodge: Dodged            |    99 |    94 |   258 ||   451
